 Dungeon Crawl Stone Soup version 0.21-a0-215-g0631661 (webtiles) character file.

6281 MackTheKnife the Martial Artist (level 10, -13/82 HPs)
             Began as a Barachi Monk on Aug 22, 2017.
             Was a High Priest of Cheibriados.
             Hit by a large rock thrown by a cyclops (36 damage)
             ... on level 8 of the Dungeon.
             The game lasted 00:12:23 (8968 turns).

MackTheKnife the Martial Artist (Barachi Monk)      Turns: 8968, Time: 00:12:24

Health: -13/82     AC: 13    Str: 31    XL:     10   Next: 94%
Magic:  11/11      EV: 18    Int: 25    God:    Cheibriados [*****.]
Gold:   466        SH:  0    Dex: 32    Spells: 9/9 levels left

rFire    . . .     SeeInvis .     - Unarmed
rCold    . . .     Gourm    +   (no shield)
rNeg     . . .     Faith    .   s - +0 chain mail
rPois    .         Spirit   .   (helmet restricted)
rElec    .         Reflect  .   (no cloak)
rCorr    .         Harm     .   (no gloves)
MR       .....                  u - +2 pair of boots
Stlth    ..........             z - amulet of the gourmand {Gourm, !d}
HPRegen  0.23/turn              h - ring of wizardry {Wiz+, !d}
MPRegen  0.12/turn              (no ring)

@: mighty, can't hop, very slow
A: +LOS, swims, antennae 1, thin skeletal structure 1, dopey 1, sense
surroundings 1, slowness 1, strong legs 1
a: Hop, Bend Time, Temporal Distortion, Slouch, Step From Time, Renounce
Religion


You were on level 8 of the Dungeon.
You worshipped Cheibriados.
Cheibriados was extremely pleased with you.
You were not hungry.

You visited 1 branch of the dungeon, and saw 8 of its levels.

You collected 466 gold pieces.

Inventory:

Missiles
 y - 2 throwing nets {=f, !d}
Armour
 s - a +0 chain mail (worn)
   (You took it off an orc warrior on level 7 of the Dungeon)
 u - a +2 pair of boots (worn)
   (You found it on level 4 of the Dungeon)
Jewellery
 h - a ring of wizardry (left hand) {Wiz+, !d}
   (You found it on level 2 of the Dungeon)
 k - an uncursed ring of ice {rC+, rF-}
   (You found it on level 5 of the Dungeon)
 o - an uncursed ring of fire {rF+, rC-}
   (You found it on level 8 of the Dungeon)
 z - an amulet of the gourmand (around neck) {Gourm, !d}
   (You found it on level 7 of the Dungeon)
Wands
 w - a wand of disintegration (14/24)
   (You found it on level 6 of the Dungeon)
Scrolls
 e - 2 scrolls of amnesia
 g - 4 scrolls of immolation {!r}
 l - a scroll of enchant armour
 n - a scroll of remove curse
 x - 2 scrolls of enchant weapon
Potions
 d - 3 potions of heal wounds
 f - 2 potions of brilliance
 j - 2 potions of ambrosia
 m - 2 potions of might
 q - a potion of agility
 r - a potion of flight
Comestibles
 a - 3 royal jellies
 b - 7 bread rations {@e1}
 i - 6 fruits
 p - 2 meat rations {@e2}


   Skills:
 - Level 8.8 Fighting
 - Level 7.3 Armour
 - Level 8.9 Dodging
 - Level 1.7 Stealth
 - Level 11.8 Unarmed Combat
 + Level 2.6 Invocations


You had 9 spell levels left.
You didn't know any spells.

Dungeon Overview and Level Annotations

Branches:
Dungeon (8/15)             Temple (0/1) D:5
   Lair: D:8-11

Altars:
Cheibriados
Gozag
Hepliaklqana
Nemelex Xobeh
Qazlal
Sif Muna
Trog
Xom

Shops:
D:5 %   D:6 [   D:8 (


Innate Abilities, Weirdness & Mutations

Shadows flee at your approach. (+LOS)
You can swim through water.
You cover ground slowly.
You can hop short distances.
You have a pair of small antennae on your head.
You have a somewhat thin skeletal structure. (Dex +2, Stealth)
You are dopey. (Int -2)
You passively map a small area around you.


Message History

You closely miss the vampire mosquito. You punch the vampire mosquito.
The vampire mosquito bites you.
The vampire mosquito draws strength from your injuries!
The vampire mosquito closely misses you.
The centaur shoots an arrow.
The arrow misses you.
You take 2 damage, and have 71/82 hp.
The vampire mosquito barely misses you.
The centaur unwields an uncursed shortbow.
The centaur completely misses you.
The vampire mosquito bites you but does no damage. x2
The centaur barely misses you. The vampire mosquito misses you.
The centaur barely misses you.
You see here an arrow.
You barely miss the centaur.
The vampire mosquito closely misses you.
The centaur hits you.
The vampire mosquito completely misses you.
You take 2 damage, and have 69/82 hp.
Okay, then.
Okay, then.
You feel very mighty all of a sudden. The centaur closely misses you.
The vampire mosquito bites you.
The vampire mosquito draws strength from your injuries!
The hippogriff barely misses you. x2
The hippogriff claws you but does no damage.
The centaur misses you.
The vampire mosquito completely misses you.
You take 4 damage, and have 65/82 hp.
You barely miss the hippogriff. The vampire mosquito bites you!
The vampire mosquito draws strength from your injuries!
The centaur misses you. The gnoll closely misses you.
The hippogriff barely misses you.
The hippogriff pecks you but does no damage.
The hippogriff misses you.
You take 7 damage, and have 58/82 hp.
You pummel the hippogriff!! The vampire mosquito misses you.
The centaur misses you.
The vampire mosquito closely misses you.
The gnoll hits you.
You take 3 damage, and have 55/82 hp.
You punch the hippogriff!
The centaur hits you but does no damage.
The hippogriff bites you. The hippogriff closely misses you. x2
The vampire mosquito misses you.
You take 2 damage, and have 53/82 hp.
You completely miss the hippogriff.
The vampire mosquito completely misses you.
The centaur barely misses you. The gnoll closely misses you.
The hippogriff barely misses you. The hippogriff misses you. x2
The vampire mosquito completely misses you.
You punch the hippogriff!
You kill the hippogriff!
Cheibriados thoroughly appreciates the change of pace.
Your Invocations skill increases to level 1!
The centaur barely misses you. The vampire mosquito misses you.
The gnoll closely misses you. The gnoll barely misses you.
The centaur barely misses you.
You barely miss the vampire mosquito. The vampire mosquito misses you.
The centaur completely misses you. The gnoll misses you. The yak gores you!
The vampire mosquito closely misses you.
The gnoll misses you.
You take 7 damage, and have 47/82 hp.
You hit the vampire mosquito. The vampire mosquito barely misses you.
The centaur closely misses you. The gnoll closely misses you.
As you read the scroll of fear, it crumbles to dust.
You assume a fearsome visage.
The yak looks frightened! x2
The vampire mosquito is unaffected.
The cyclops looks frightened!
The gnoll looks frightened! x3
The centaur looks frightened!
The vampire mosquito misses you.
The vampire mosquito bites you but does no damage.
Unknown command.
You pummel the vampire mosquito!!
You destroy the vampire mosquito!
Cheibriados thoroughly appreciates the change of pace.
Your Invocations skill increases to level 2!
You see here an arrow.
The centaur seems to regain its courage.
The cyclops howls in fear.
The yak gores you!
The centaur wields an uncursed shortbow.
The centaur shoots an arrow.
The arrow hits you but does no damage.
You see here an arrow.
You take 6 damage, and have 42/82 hp.
MP restored: 11 You punch the yak!
The cyclops seems to regain its courage.
The yak gores you!
You take 7 damage, and have 35/82 hp.
You barely miss the yak. The yak barely misses you.
You pummel the yak!! You punch the yak!
You kill the yak!
Cheibriados thoroughly appreciates the change of pace.
The centaur shoots an arrow.
The arrow closely misses you.
The centaur unwields an uncursed shortbow.
The centaur closely misses you. The centaur misses you.
The cyclops throws a large rock.
The large rock hits you!
* * * LOW HITPOINT WARNING * * *
The centaur hits you but does no damage.
The cyclops throws a large rock.
The large rock hits you!!!
You die...

, ..........)÷.#............ . ,
.......................... #
########................##..
.............(..............
######....#...(............
,#.......................... ,
#......##..................
,#......##.......♣♣.♣♣...... ,
,, #........c@.....♣*+#♣......
.#....#...(#.....♣* ♣......
,,,....)Y.....†(#.....♣ ♣..##+#
......##......#.....♣ ♣......
......##.C....#........ ......
..........)....#..#...... ......
#....#....######..#........#####
........... ...# ...... , , ,
.##...Y... ...# .....


You could see a cyclops, 2 yaks and a centaur.

Vanquished Creatures
  A two-headed ogre (D:8)
  A skeletal warrior (D:8)
  Joseph (D:8)
  A centaur zombie (D:8)
  A hornet (D:7)
  2 hippogriffs
  Sigmund (D:2)
  A yak (D:8)
  A vampire mosquito (D:8)
  Edmund (D:6)
  A water moccasin (D:6)
  2 black bears
  A phantom (D:4)
  An orc warrior (D:7)
  4 sky beasts
  An ogre (D:6)
  4 centaurs
  Blork the orc (D:6)
  2 bullfrogs (D:8)
  4 scorpions
  4 killer bees (D:7)
  4 wights (D:6)
  A howler monkey (D:6)
  A bullfrog zombie (D:6)
  5 crimson imps
  A jelly (D:6)
  A centaur skeleton (D:7)
  7 orc priests
  4 hounds
  Natasha (thrice) (D:2)
  8 orc wizards
  3 worker ants
  6 gnolls
  A howler monkey skeleton (D:5)
  19 adders
  An ooze (D:2)
  2 adder skeletons (D:4)
  4 worms
  2 dart slugs (D:2)
  7 leopard geckos
  32 orcs
  4 giant cockroaches
  6 hobgoblins
  8 jackals
  4 quokkas
  3 ball pythons
  11 bats
  7 frilled lizards
  5 goblins
  7 kobolds
  A quokka skeleton (D:4)
  6 rats
210 creatures vanquished.

Notes
Turn   | Place    | Note
-------+----------+-------------------------------------------
     0 | D:1      | MackTheKnife the Barachi Monk began the quest for the Orb.
     0 | D:1      | Reached XP level 1. HP: 18/18 MP: 1/1
   407 | D:1      | Reached XP level 2. HP: 16/25 MP: 2/2
   811 | D:1      | Reached skill level 4 in Unarmed Combat
   883 | D:1      | Reached skill level 4 in Fighting
   883 | D:1      | Reached XP level 3. HP: 29/30 MP: 3/3
  1216 | D:2      | Noticed Sigmund
  1256 | D:2      | Killed Sigmund
  1256 | D:2      | Reached skill level 5 in Fighting
  1256 | D:2      | Reached skill level 5 in Unarmed Combat
  1256 | D:2      | Reached XP level 4. HP: 10/39 MP: 4/4
  1256 | D:2      | Reached XP level 5. HP: 12/45 MP: 5/5
  1513 | D:2      | Noticed Natasha
  1522 | D:2      | Killed Natasha
  1658 | D:2      | Noticed Natasha
  1676 | D:2      | Killed Natasha
  1676 | D:2      | Reached skill level 6 in Fighting
  1676 | D:2      | Reached XP level 6. HP: 19/52 MP: 6/6
  2050 | D:2      | Noticed Natasha
  2060 | D:2      | Killed Natasha
  2601 | D:3      | Reached skill level 6 in Unarmed Combat
  2866 | D:3      | Found an opulent altar of Gozag.
  3072 | D:3      | Found a deep blue altar of Sif Muna.
  3075 | D:3      | Found a stormy altar of Qazlal.
  3076 | D:3      | Found a snail-covered altar of Cheibriados.
  3101 | D:3      | Became a worshipper of Cheibriados the Contemplative
  3101 | D:3      | Reached * piety under Cheibriados
  3101 | D:3      | Reached ** piety under Cheibriados
  3576 | D:4      | Noticed a phantom
  3624 | D:4      | Killed a phantom
  3624 | D:4      | Reached skill level 7 in Fighting
  3624 | D:4      | Reached XP level 7. HP: 25/60 MP: 7/7
  4109 | D:4      | Reached skill level 7 in Unarmed Combat
  4230 | D:4      | HP: 15/60 [orc/trident (6)]
  4743 | D:4      | Reached *** piety under Cheibriados
  4844 | D:4      | Found a hazy altar of Hepliaklqana.
  5130 | D:5      | Entered Level 5 of the Dungeon
  5166 | D:5      | Reached skill level 8 in Unarmed Combat
  5242 | D:5      | Reached XP level 8. HP: 40/67 MP: 8/8
  5432 | D:5      | Found a staircase to the Ecumenical Temple.
  5455 | D:5      | Found a bloodstained altar of Trog.
  5500 | D:5      | Reached skill level 9 in Unarmed Combat
  5740 | D:5      | Reached **** piety under Cheibriados
  5759 | D:5      | Found Ytiumm's Food Shoppe.
  5945 | D:5      | Reached skill level 10 in Unarmed Combat
  6200 | D:6      | Noticed Blork the orc
  6207 | D:6      | Killed Blork the orc
  6296 | D:6      | Reached skill level 11 in Unarmed Combat
  6300 | D:6      | Reached XP level 9. HP: 48/72 MP: 9/9
  6395 | D:6      | Reached ***** piety under Cheibriados
  6401 | D:6      | Noticed Edmund
  6413 | D:6      | Reached skill level 4 in Dodging
  6421 | D:6      | Killed Edmund
  6427 | D:6      | Reached skill level 5 in Dodging
  6624 | D:6      | Found Cutowih's Antique Armour Emporium.
  6735 | D:6      | Reached skill level 6 in Dodging
  6815 | D:6      | Found a shimmering altar of Xom.
  6842 | D:6      | Found a sparkling altar of Nemelex Xobeh.
  6996 | D:6      | Reached skill level 7 in Dodging
  7371 | D:7      | Reached skill level 8 in Dodging
  7383 | D:7      | HP: 15/72 [killer bee (8)]
  7701 | D:7      | Reached skill level 1 in Armour
  7819 | D:7      | Noticed a hornet
  7829 | D:7      | Killed a hornet
  7829 | D:7      | Reached skill level 3 in Armour
  7829 | D:7      | Reached XP level 10. HP: 78/79 MP: 10/10
  7958 | D:7      | Reached skill level 4 in Armour
  8213 | D:7      | Gained mutation: Your spells are a little harder to cast, but a little more powerful. [mutagenic meat]
  8214 | D:7      | Gained mutation: You have a somewhat thin skeletal structure. (Dex +2, Stealth) [mutagenic meat]
  8215 | D:7      | Lost mutation: Your spells are a little harder to cast, but a little more powerful. [mutagenic meat]
  8216 | D:7      | Gained mutation: You passively map a small area around you. [mutagenic meat]
  8217 | D:7      | Gained mutation: You have a pair of small antennae on your head. [mutagenic meat]
  8218 | D:7      | Gained mutation: You are dopey. (Int -2) [mutagenic meat]
  8266 | D:7      | Reached skill level 5 in Armour
  8516 | D:8      | Reached skill level 6 in Armour
  8605 | D:8      | Found Seratt's Weapon Shoppe.
  8666 | D:8      | Noticed Joseph
  8692 | D:8      | Killed Joseph
  8692 | D:8      | Reached skill level 7 in Armour
  8747 | D:8      | Noticed a two-headed ogre
  8749 | D:8      | Noticed a skeletal warrior
  8753 | D:8      | Killed a two-headed ogre
  8753 | D:8      | Reached skill level 8 in Fighting
  8764 | D:8      | Killed a skeletal warrior
  8941 | D:8      | Noticed a cyclops
  8957 | D:8      | Reached skill level 1 in Invocations
  8961 | D:8      | Reached skill level 2 in Invocations
  8968 | D:8      | Hit by a large rock thrown by a cyclops

Vault maps used:
D:1:      dpeg_arrival_boxorama, feat_on_display
D:2:      first_bread, uniq_natasha, uniq_sigmund
D:3:      grunt_gozag_statues, grunt_temple_overflow_open
D:4:      kennysheep_big_flooded_room, nicolae_overflow_hidden_temple,
          minmay_joined_circles
D:5:      bloody_trog, minmay_temple_entry_glass, serial_shops,
          nicolae_shop_crystal
D:6:      overflow_temple_1_default, nemelex_xobeh_ov_fountains_minmay,
          serial_shops, shop, uniq_blork_the_orc, uniq_edmund
D:8:      minmay_cut_squares, serial_shops, shop, kennysheep_mini_moat, shop,
          uniq_joseph

Skill      XL: |  1  2  3  4  5  6  7  8  9 10 |
---------------+-------------------------------+-----
Unarmed Combat | 4 5 6 8 11 | 11.8
Fighting       | 4 5 6 7 8 |  8.8
Dodging        | 8 |  8.9
Armour         | 3 7 |  7.3
Invocations    | 2 |  2.6
Stealth        | |  1.7

Action                   |  1- 3 |  4- 6 |  7- 9 | 10-12 || total
-------------------------+-------+-------+-------+-------++-------
Melee: Unarmed           |    84 |   281 |   404 |    89 ||   858
       Punch             |     2 |     5 |    25 |    12 ||    44
 Abil: Hop               |       |       |     2 |     2 ||     4
  Use: Potion            |     4 |       |     2 |     1 ||     7
       Scroll            |       |     3 |    11 |     3 ||    17
 Stab: Sleeping          |     2 |     2 |     6 |     2 ||    12
       Distracted        |       |       |     4 |       ||     4
  Eat: Chunk             |     1 |     8 |     7 |    10 ||    26
Armor: Robe              |     8 |       |       |       ||     8
       Ring mail         |     8 |    88 |    69 |       ||   165
       Leather armour    |       |       |    24 |     7 ||    31
       Chain mail        |       |       |       |    30 ||    30
Dodge: Dodged            |    41 |   153 |   308 |   127 ||   629

Table legend:
 A = Spawn XP
 B = Non-spawn XP
 C = Spawn XP percentage of total XP
 D = Spawn monster count
 E = Non-spawn monster count
 F = Spawn count percentage of total count
 G = Total turns spent on level
                    A         B        C        D         E        F      G
               +---------+---------+-------+---------+---------+-------+---------
         Total |    1188 |    7786 |  13.2 |      40 |     170 |  19.0 |  8968
               +---------+---------+-------+---------+---------+-------+---------
           D:1 |       9 |      34 |  20.9 |       6 |      14 |  30.0 |  1228
           D:2 |      22 |     375 |   5.5 |       6 |      19 |  24.0 |  1335
           D:3 |      36 |     135 |  21.1 |      10 |      18 |  35.7 |   997
           D:4 |      64 |     409 |  13.5 |       5 |      27 |  15.6 |  1570
           D:5 |     118 |     833 |  12.4 |       3 |      24 |  11.1 |  1008
           D:6 |     454 |    1353 |  25.1 |       7 |      38 |  15.6 |  1193
           D:7 |     485 |    1030 |  32.0 |       3 |      16 |  15.8 |  1161
           D:8 |       0 |    3617 |   0.0 |       0 |      14 |   0.0 |   476
               +---------+---------+-------+---------+---------+-------+---------

Vault maps used:
D:1:      dpeg_arrival_boxorama, feat_on_display
D:2:      first_bread, uniq_natasha, uniq_sigmund
D:3:      grunt_gozag_statues, grunt_temple_overflow_open
D:4:      kennysheep_big_flooded_room, nicolae_overflow_hidden_temple,
          minmay_joined_circles
D:5:      bloody_trog, minmay_temple_entry_glass, serial_shops,
          nicolae_shop_crystal
D:6:      overflow_temple_1_default, nemelex_xobeh_ov_fountains_minmay,
          serial_shops, shop, uniq_blork_the_orc, uniq_edmund
D:8:      minmay_cut_squares, serial_shops, shop, kennysheep_mini_moat, shop,
          uniq_joseph

Table legend:
 A = Turns spent in this place as a percentage of turns spent in the entire game.
 B = Non-inter-level travel turns spent in this place as a percentage of non-inter-level travel turns spent in the entire game.
 C = Inter-level travel turns spent in this place as a percentage of turns spent in this place.
 D = Turns resting spent in this place as a percentage of non-inter-level travel turns spent in this place.
 E = Turns spent auto-exploring this place as a percentage of non-inter-level travel turns spent in this place.
 F = Non-inter-level travel turns spent in this place divided by the number of levels of this place that you've seen.
                   A       B       C       D       E      F
               +-------+-------+-------+-------+-------+----------------------
         Total | 100.0 | 100.0 |   2.3 |  33.4 |  46.5 | 1094.9
       Dungeon | 100.0 | 100.0 |   2.3 |  33.4 |  46.5 | 1094.9
               +-------+-------+-------+-------+-------+----------------------

Table legend:
 A = Kills in this place as a percentage of kills in entire the game.
 B = Kills by you in this place as a percentage of kills by you in the entire game.
 C = Kills by friends in this place as a percentage of kills by friends in the entire game.
 D = Other kills in this place as a percentage of other kills in the entire game.
 E = Experience gained in this place as a percentage of experience gained in the entire game.
 F = Experience gained in this place divided by the number of levels of this place that you have seen.
                   A       B       C       D       E      F
               +-------+-------+-------+-------+-------+----------------------
         Total | 100.0 | 100.0 |   N/A |   N/A | 100.0 | 1121.8
       Dungeon | 100.0 | 100.0 |   N/A |   N/A | 100.0 | 1121.8
               +-------+-------+-------+-------+-------+----------------------
